 Dungeon Crawl Stone Soup version 0.24.0-123-gd5b16e6ec5 (webtiles) character file.

Game seed: 7901804957158679640, levelgen mode: deterministic

280 FishyPogo the Magician (level 6, -3/41 HPs)
             Began as a Demonspawn Fire Elementalist on Dec 28, 2019.
             Slain by Grinder (7 damage)
             ... on level 3 of the Dungeon.
             The game lasted 00:08:11 (2257 turns).

FishyPogo the Magician (DsFE)                       Turns: 2257, Time: 00:08:11

Health: -3/41      AC:  4    Str: 10    XL:     6   Next: 5%
Magic:  1/11       EV: 18    Int: 22    God:
Gold:   127        SH:  0    Dex: 18    Spells: 5/11 levels left

rFire    . . .     SeeInvis +   b - -1 hunting sling (curse)
rCold    . . .     Gourm    .   (no shield)
rNeg     . . .     Faith    .   g - +0 leather armour
rPois    .         Spirit   .   (no helmet)
rElec    .         Reflect  .   (no cloak)
rCorr    .         Harm     .   o - +0 pair of gloves
MR       .....                  (no boots)
Stlth    +++.......             (no amulet)
HPRegen  0.13/turn              h - ring of see invisible
MPRegen  0.12/turn              (no ring)

@: brilliant, agile, very slightly contaminated
A: powered by death 1, rot immunity
a: no special abilities


You were on level 3 of the Dungeon.
You were not hungry.

You visited 1 branch of the dungeon, and saw 3 of its levels.

You collected 127 gold pieces.

Inventory:

Hand Weapons
 b - a cursed -1 hunting sling (weapon)
 f - a +5 short sword
Missiles
 e - 87 stones (quivered)
 k - 11 poisoned darts
Armour
 g - a +0 leather armour (worn)
 o - a +0 pair of gloves (worn)
Jewellery
 h - a ring of see invisible (left hand)
Scrolls
 j - 3 scrolls of identify
 l - 2 scrolls of immolation
Potions
 i - a potion of agility
 n - a potion of ambrosia {unknown}
Comestibles
 c - 2 rations
 p - 3 chunks of flesh


   Skills:
 - Level 2.2 Short Blades
 + Level 2.6 Dodging
 - Level 2.0 Stealth
 + Level 3.4 Spellcasting
 - Level 3.0 Conjurations
 * Level 3.3 Fire Magic


You had 5 spell levels left.
You knew the following spells:

 Your Spells              Type           Power        Failure   Level  Hunger
a - Flame Tongue          Conj/Fire      ####.        1%          1    None
b - Throw Flame           Conj/Fire      ####..       1%          2    ##.....
j - Conjure Flame         Conj/Fire      ####....     1%          3    ###....

Your spell library contained the following spells:

 Spells                   Type           Power        Failure   Level  Hunger
 Inner Flame              Hex/Fire       ###.....     3%          3    ###....
 Sticky Flame             Conj/Fire      ####....     5%          4    ####...
 Fireball                 Conj/Fire      ####......   13%         5    ######.


Dungeon Overview and Level Annotations

Branches:
Dungeon (3/15)

Altars:
Qazlal

Annotations:
D:3 Grinder


Innate Abilities, Weirdness & Mutations

You regenerate a little health from kills.
You are immune to rotting.


Message History

Press: ? - help, Shift-Dir - straight line, f - rat
Aim: a rat The flame tongue hits the rat.
You kill the rat!
Your surroundings suddenly seem different.
You start resting.
Grinder is too close now for your liking.
Okay, then.
You feel agile all of a sudden.
It was a potion of brilliance.
You feel clever all of a sudden.
Casting: Flame Tongue (safe; 1% risk of failure)
Confirm with . or Enter, or press ? or * to list all spells.
Aiming: Throw Flame (safe; 1% risk of failure)
Press: ? - help, Shift-Dir - straight line, f - Grinder
Aim: Grinder The puff of flame hits Grinder!
Grinder is moderately wounded.
Grinder hits you!
You die...

*######'#......# *
#.........###### #
#####.........# ###
#.............# #☼.
#............§######..
#.....###.............
#.....# #..........#..
#....5# #..........#☼†
#....@# #..........###
####### ############ #
# #


You could see Grinder.

Vanquished Creatures
  A water moccasin (D:3)
  An orc wizard (D:3)
  4 gnolls
  6 adders
  An ooze (D:2)
  2 worms (D:2)
  A leopard gecko (D:2)
  4 orcs (D:3)
  4 bats
  3 giant cockroaches
  2 goblins
  2 hobgoblins
  A jackal (D:3)
  2 quokkas
  3 frilled lizards
  8 kobolds
  8 rats
53 creatures vanquished.

Vanquished Creatures (others)
  A jackal (D:3)
  4 toadstools (D:1)
5 creatures vanquished.

Grand Total: 58 creatures vanquished

Notes
Turn   | Place    | Note
-------+----------+-------------------------------------------
     0 | D:1      | FishyPogo the Demonspawn Fire Elementalist began the quest
                  | for the Orb.
     0 | D:1      | Reached XP level 1. HP: 13/13 MP: 3/3
   308 | D:1      | Gained mutation: You are immune to rotting. [demonic
                  | ancestry]
   308 | D:1      | Reached XP level 2. HP: 19/19 MP: 1/5
  1036 | D:2      | Reached XP level 3. HP: 24/24 MP: 3/6
  1129 | D:2      | Reached skill level 1 in Short Blades
  1342 | D:2      | Learned a level 2 spell: Throw Flame
  1346 | D:2      | Learned a level 3 spell: Conjure Flame
  1475 | D:2      | Reached XP level 4. HP: 25/30 MP: 3/7
  1857 | D:3      | Noticed Grinder
  2022 | D:3      | Noticed a water moccasin
  2033 | D:3      | Killed a water moccasin
  2033 | D:3      | Gained mutation: You regenerate a little health from kills.
                  | [demonic ancestry]
  2033 | D:3      | Reached XP level 5. HP: 19/35 MP: 1/9
  2225 | D:3      | Found a stormy altar of Qazlal.
  2241 | D:3      | Reached XP level 6. HP: 9/41 MP: 2/11
  2241 | D:3      | HP: 2/41 [orc/+0 hand axe (8)]
  2257 | D:3      | Slain by Grinder

Levels and vault maps discovered:
D:1:      ldierk_walled_garden_2, layout_loops_ring
D:2:      layout_basic
D:3:      layout_basic, grunt_qazlal_clouds, uniq_grinder

Skill      XL: |  1  2  3  4  5 |
---------------+----------------+-----
Stealth        | 2 |  2.0
Dodging        | 2 |  2.6
Short Blades   | 1 2 |  2.2
Conjurations   | 2 3 |  3.0
Fire Magic     | 3 |  3.3
Spellcasting   | 3 |  3.4

Action                   |  1- 3 |  4- 6 || total
-------------------------+-------+-------++-------
 Fire: Hunting sling     |    61 |    26 ||    87
 Cast: Flame Tongue      |    28 |    45 ||    73
       Throw Flame       |       |     1 ||     1
  Use: Scroll            |     6 |     2 ||     8
       Potion            |       |     4 ||     4
  Eat: Chunk             |     2 |     2 ||     4
Armor: Robe              |     5 |     3 ||     8
       Leather armour    |       |     4 ||     4
Dodge: Dodged            |    15 |    24 ||    39
